 Dungeon Sprint DCSS version 0.26-a0-665-gefeb406119 (webtiles) character file.

Game seed: 6985469162953929539

17049 sahdkjhfkaj the Severer (level 12, -3/123 HPs)
             Began as a Minotaur Fighter on Oct 14, 2020.
             Was the Champion of Ru.
             Slain by the 27-headed Lernaean hydra (4 damage)
             ... in the Dungeon (Sprint VII: "The Pits").
             The game lasted 00:09:54 (3246 turns).

sahdkjhfkaj the Severer (Minotaur Fighter)          Turns: 3246, Time: 00:09:54

Health: -3/123     AC: 16    Str: 26    XL:     12   Next: 15%
Magic:  3/11       EV: 15    Int:  8    God:    Ru [******]
Gold:   24         SH: 13    Dex: 10    Spells: 11/11 levels left

rFire    . . .     SeeInvis .   a - +1 broad axe (vorpal)
rCold    . . .     Faith    .   c - +0 kite shield
rNeg     . . .     Spirit   .   b - +3 plate armour
rPois    .         Reflect  .   (helmet restricted)
rElec    .         Harm     .   t - +0 cloak
rCorr    .         Rampage  .   (no gloves)
MR       +....     NoTele   +   (no boots)
Stlth    ..........             (no amulet)
HPRegen  0.00/turn              p - +3 ring of intelligence
MPRegen  0.12/turn              D - ring of protection from magic

@: exhausted, no scrolls, drained
A: retaliatory headbutt, hooves 1, horns 2, repulsion field 1, deformed body,
inhibited regeneration, inability to read while threatened, no stealth,
inability to use devices, hated by all, no ice magic, no necromancy magic, no
transmutations magic
a: Draw Out Power, Power Leap, Apocalypse, Renounce Religion


You were in the Dungeon.
You worshipped Ru.
Ru was exalted by your worship.
You visited 1 branch You collected 24 gold pieces.

Inventory:

Hand Weapons
 a - a +1 vorpal broad axe (weapon)
Armour
 b - a +3 plate armour (worn)
 c - a +0 kite shield (worn)
 t - a +0 cloak (worn)
Jewellery
 p - a +3 ring of intelligence (left hand)
 q - a +3 ring of intelligence
 x - an uncursed ring of positive energy
 D - a ring of protection from magic (right hand)
Scrolls
 j - 2 scrolls of blinking
 l - 6 scrolls of remove curse
 m - 5 scrolls of amnesia
 o - 2 scrolls of vulnerability
 w - a scroll of fear
 z - a scroll of immolation
 A - 4 scrolls of enchant armour
 B - 2 scrolls of enchant weapon
 C - a scroll of identify
Potions
 d - 2 potions of might
 e - 7 potions of curing
 f - 10 potions of heal wounds
 g - 3 potions of haste
 h - 3 potions of magic
 i - 3 potions of berserk rage
 k - 2 potions of invisibility
 r - a potion of brilliance
 s - 3 potions of stabbing
 u - 2 potions of resistance


   Skills:
 + Level 16.3(14.8) Fighting
 - Level 18.0(16.4) Axes
 + Level 16.3(14.7) Armour
 + Level 14.7(13.2) Dodging
 - Level 15.0(13.5) Shields


You had 11 spell levels left.
You didn't know any spells.
Your spell library was empty.

Dungeon Overview and Level Annotations

Branches:
Dungeon (1/1)

Altars:
Ashenzari
Cheibriados
Dithmenos
Elyvilon
Fedhas
Gozag
Hepliaklqana
Kikubaaqudgha
Makhleb
Nemelex Xobeh
Okawaru
Qazlal
Ru
Sif Muna
Trog
Uskayaw
Vehumet
Wu Jian
Xom
Yredelemnul
Zin
The Shining One
Beogh
Jiyva
Lugonu

Annotations:
D Lernaean hydra


Innate Abilities, Weirdness & Mutations

You reflexively headbutt those who attack you in melee.
You have a pair of horns on your head.
You cannot read scrolls while threatened.
You cannot be stealthy.
You cannot study or use magical devices.
You are hated by all.
You cannot study or cast Ice magic.
You cannot study or cast Necromancy magic.
You cannot study or cast Transmutations magic.
You have large cloven feet.
You are surrounded by a mild repulsion field. (EV +2)
Armour fits poorly on your strangely shaped body.
You do not regenerate when monsters are visible.


Message History

* * * LOW HITPOINT WARNING * * *
The 27-headed Lernaean hydra barely misses you. x2
The 27-headed Lernaean hydra bites you but does no damage.
You block the 27-headed Lernaean hydra's attack.
The 27-headed Lernaean hydra completely misses you.
You block the 27-headed Lernaean hydra's attack. x2
The 27-headed Lernaean hydra bites you but does no damage.
You block the 27-headed Lernaean hydra's attack.
The 27-headed Lernaean hydra barely misses you.
The 27-headed Lernaean hydra bites you!
* * * LOW HITPOINT WARNING * * *
The 27-headed Lernaean hydra bites you but does no damage.
The 27-headed Lernaean hydra closely misses you.
The 27-headed Lernaean hydra bites you.
* * * LOW HITPOINT WARNING * * *
The 27-headed Lernaean hydra bites you but does no damage.
The 27-headed Lernaean hydra bites you.
* * * LOW HITPOINT WARNING * * *
The 27-headed Lernaean hydra bites you.
You die...

#++##########################
#............................
#.......)...@D........)......
#..##############++##########
#..# #..# #..# #..# #..#
#รท)# #####..#


You could see the 27-headed Lernaean hydra (slow).

Vanquished Creatures
  A titan (D)
  A death cob (D)
  A blizzard demon (D)
  Erolcha (D)
  A rakshasa (D)
  A boulder beetle (D)
  A two-headed ogre (D)
  A fire crab (D)
  A shadow wraith (D)
  A deep troll (D)
  A flayed ghost (D)
  A wizard (D)
  A lindwurm (D)
  A manticore (D)
  A deep elf mage (D)
  A merfolk siren (D)
  A molten gargoyle (D)
  An orange demon (D)
  A freezing wraith (D)
  A komodo dragon (D)
  A kobold demonologist (D)
  3 demonic crawlers (D)
  A troll (D)
  A jumping spider (D)
  A polar bear (D)
  6 dream sheep (D)
  Prince Ribbit (D)
  A bog body (D)
  A redback (D)
  2 wyverns (D)
  2 fire bats (D)
  A shadow (D)
  Grum (D)
  A basilisk (D)
  A chaos spawn (D)
  A warg (D)
  An acid dragon (D)
  An ice beast (D)
  An eye of draining (D)
  3 wolves (D)
  A centaur (D)
  An earth elemental (D)
  A scorpion (D)
  A jelly (D)
  A crimson imp (D)
  A quasit (D)
  An orc wizard (D)
  An orc priest (D)
  2 gnoll shamans (D)
  Ijyb (D)
  A mummy (D)
  7 gnolls (D)
  A river rat (D)
  2 white imps (D)
  2 ufetubi (D)
  An adder zombie (D)
  4 orcs (D)
  A hobgoblin (D)
  3 quokkas (D)
  2 ball pythons (D)
  2 bats (D)
  2 frilled lizards (D)
  A giant cockroach zombie (D)
  A kobold (D)
  A rat (D)
93 creatures vanquished.

Vanquished Creatures (others)
  A gnoll (D)
1 creature vanquished.

Grand Total: 94 creatures vanquished

Notes
Turn   | Place    | Note
-------+----------+-------------------------------------------
     0 | D        | sahdkjhfkaj the Minotaur Fighter began the quest for the
                  | Orb.
     0 | D        | Reached XP level 1. HP: 19/19 MP: 0/0
    23 | D        | Found a bloodstained altar of Trog.
    23 | D        | Found a shimmering blue altar of Sif Muna.
    23 | D        | Found a viscous altar of Jiyva.
    23 | D        | Found a hazy altar of Hepliaklqana.
    23 | D        | Found an opulent altar of Gozag.
    24 | D        | Found a glowing golden altar of the Shining One.
    24 | D        | Found a glowing silver altar of Zin.
    24 | D        | Found a basalt altar of Yredelemnul.
    24 | D        | Found a shimmering altar of Xom.
    24 | D        | Found an ornate altar of the Wu Jian Council.
    24 | D        | Found a sacrificial altar of Ru.
    24 | D        | Found a stormy altar of Qazlal.
    24 | D        | Found an iron altar of Okawaru.
    24 | D        | Found a sparkling altar of Nemelex Xobeh.
    24 | D        | Found a burning altar of Makhleb.
    24 | D        | Found a blossoming altar of Fedhas.
    24 | D        | Found a white marble altar of Elyvilon.
    24 | D        | Found a shadowy altar of Dithmenos.
    24 | D        | Found a snail-covered altar of Cheibriados.
    25 | D        | Found a radiant altar of Vehumet.
    25 | D        | Found a corrupted altar of Lugonu.
    25 | D        | Found a roughly hewn altar of Beogh.
    26 | D        | Found a hide-covered altar of Uskayaw.
    26 | D        | Found an ancient bone altar of Kikubaaqudgha.
    26 | D        | Found a broken altar of Ashenzari.
    38 | D        | Became a worshipper of Ru the Awakened
    75 | D        | Reached skill level 3 in Axes
   180 | D        | Reached skill level 1 in Dodging
   180 | D        | Reached XP level 2. HP: 20/27 MP: 1/1
   183 | D        | Reached skill level 4 in Axes
   293 | D        | Reached skill level 5 in Shields
   298 | D        | Gained mutation: You are hated by all. [Ru sacrifice]
   298 | D        | Reached * piety under Ru
   353 | D        | Noticed Ijyb
   368 | D        | Killed Ijyb
   368 | D        | Reached skill level 5 in Axes
   368 | D        | Reached XP level 3. HP: 35/35 MP: 2/2
   379 | D        | Reached skill level 5 in Fighting
   386 | D        | Reached skill level 5 in Armour
   386 | D        | Reached XP level 4. HP: 22/42 MP: 3/3
   387 | D        | Reached skill level 6 in Axes
   395 | D        | Reached XP level 5. HP: 23/50 MP: 4/4
   396 | D        | Reached skill level 7 in Axes
   413 | D        | Gained mutation: You cannot study or cast Ice magic. [Ru
                  | sacrifice]
   413 | D        | Gained mutation: You cannot study or cast Transmutations
                  | magic. [Ru sacrifice]
   413 | D        | Gained mutation: You cannot study or cast Necromancy magic.
                  | [Ru sacrifice]
   413 | D        | Reached ** piety under Ru
   597 | D        | Noticed Prince Ribbit
   719 | D        | Noticed a demonic crawler
   728 | D        | Killed a demonic crawler
   728 | D        | Reached skill level 9 in Axes
   728 | D        | Reached skill level 5 in Dodging
   728 | D        | Reached XP level 6. HP: 38/60 MP: 5/5
   894 | D        | Noticed a fire bat
   900 | D        | Killed a fire bat
   900 | D        | Reached skill level 10 in Axes
   900 | D        | Reached skill level 10 in Shields
   900 | D        | Reached XP level 7. HP: 66/67 MP: 6/6
   970 | D        | Noticed a kobold demonologist
   971 | D        | Noticed an orange demon
   975 | D        | Noticed a red devil
   984 | D        | Noticed a rust devil
   985 | D        | Killed a kobold demonologist
  1102 | D        | Killed Prince Ribbit
  1102 | D        | Reached skill level 11 in Axes
  1102 | D        | Reached XP level 8. HP: 77/77 MP: 7/7
  1132 | D        | Noticed an orange demon
  1132 | D        | Noticed a deep elf mage
  1132 | D        | Noticed a manticore
  1142 | D        | Killed a deep elf mage
  1142 | D        | Reached skill level 12 in Axes
  1142 | D        | Killed a manticore
  1146 | D        | Killed an orange demon
  1146 | D        | Reached skill level 10 in Fighting
  1146 | D        | Reached skill level 10 in Armour
  1146 | D        | Reached XP level 9. HP: 51/85 MP: 8/8
  1358 | D        | Noticed a polar bear
  1359 | D        | Noticed a lindwurm
  1359 | D        | Noticed a troll
  1361 | D        | Gained mutation: You cannot read scrolls while threatened.
                  | [Ru sacrifice]
  1361 | D        | Reached *** piety under Ru
  1365 | D        | Killed a polar bear
  1365 | D        | Reached skill level 13 in Axes
  1367 | D        | Killed a troll
  1377 | D        | Killed a lindwurm
  1377 | D        | Reached skill level 14 in Axes
  1852 | D        | Noticed a fire crab
  1856 | D        | Killed a shadow wraith
  1856 | D        | Reached XP level 10. HP: 73/96 MP: 9/9
  1861 | D        | Killed a fire crab
  1861 | D        | Reached skill level 10 in Dodging
  1861 | D        | Reached skill level 15 in Shields
  1881 | D        | Gained mutation: You cannot study or use magical devices.
                  | [Ru sacrifice]
  1881 | D        | Reached **** piety under Ru
  1881 | D        | Reached ***** piety under Ru
  2072 | D        | Noticed a boulder beetle
  2074 | D        | Reached skill level 15 in Axes
  2074 | D        | Killed a boulder beetle
  2078 | D        | Noticed a molten gargoyle
  2090 | D        | Killed a molten gargoyle
  2111 | D        | Reached skill level 16 in Axes
  2115 | D        | Noticed a flayed ghost
  2116 | D        | Gained mutation: You cannot be stealthy. [Ru sacrifice]
  2116 | D        | Reached ****** piety under Ru
  2126 | D        | Noticed a deep troll
  2126 | D        | Noticed a merfolk siren
  2128 | D        | Reached XP level 11. HP: 23/107 MP: 10/10
  2128 | D        | Reached skill level 17 in Axes
  2133 | D        | Killed a flayed ghost
  2138 | D        | Killed a deep troll
  2485 | D        | Gained mutation: Scrolls take you a little longer to read.
                  | [potion of mutation]
  2485 | D        | Gained mutation: Your muscles are strong. (Str +2) [potion
                  | of mutation]
  2485 | D        | Gained mutation: You do not regenerate when monsters are
                  | visible. [potion of mutation]
  2485 | D        | Gained mutation: You are surrounded by a mild repulsion
                  | field. (EV +2) [potion of mutation]
  2486 | D        | Lost mutation: Your muscles are strong. (Str +2) [potion of
                  | mutation]
  2486 | D        | Lost mutation: Scrolls take you a little longer to read.
                  | [potion of mutation]
  2486 | D        | Gained mutation: Armour fits poorly on your strangely
                  | shaped body. [potion of mutation]
  2486 | D        | Gained mutation: You have large cloven feet. [potion of
                  | mutation]
  2597 | D        | Noticed Grum
  2597 | D        | Noticed a death cob
  2603 | D        | Killed Grum
  2610 | D        | Killed a death cob
  2610 | D        | Reached skill level 18 in Axes
  2962 | D        | Noticed a wizard
  2968 | D        | Killed a wizard
  2979 | D        | Noticed a rakshasa
  2985 | D        | Killed a rakshasa
  2985 | D        | Reached skill level 15 in Fighting
  2990 | D        | Reached skill level 15 in Armour
  3000 | D        | Noticed a two-headed ogre
  3000 | D        | Noticed a blizzard demon
  3000 | D        | Noticed Erolcha
  3005 | D        | Killed a two-headed ogre
  3007 | D        | Killed a blizzard demon
  3014 | D        | Killed Erolcha
  3070 | D        | Noticed a titan
  3081 | D        | Killed a titan
  3081 | D        | Reached XP level 12. HP: 83/123 MP: 11/11
  3217 | D        | Noticed the 27-headed Lernaean hydra
  3246 | D        | HP: 1/123 [the 27-headed Lernaean hydra (6)]
  3246 | D        | Slain by the 27-headed Lernaean hydra

Illustrated notes

Levels and vault maps discovered:
D:        pitsprint [storerooms_1, entrance_room_1, metal_vault_1, armoury_2,
          mini_pit_1, grid_room_1, main_hall_1, silver_pit, the_coven_3,
          the_vestibule_1, steel_vault_3, golden_pit, hallway_of_sentries,
          crystal_vault_6, iron_vault_4, final_vault]

Skill      XL: |  1  2  3  4  5  6  7  8  9 10 11 |
---------------+----------------------------------+-----
Shields        | 4 5 6 7 9 10 11 13 14 15 | 15.0
Axes           | 3 5 6 9 10 11 12 14 16 18 | 18.0
Fighting       | 4 5 7 8 10 11 13 16 | 16.3
Armour         | 4 5 7 8 10 11 13 16 | 16.3
Dodging        | 1 2 3 5 6 7 8 9 11 14 | 14.7

Action                   |  1- 3 |  4- 6 |  7- 9 | 10-12 || total
-------------------------+-------+-------+-------+-------++-------
Melee: War axe           |    44 |    49 |    19 |       ||   112
       Headbutt          |     7 |     8 |    14 |    23 ||    52
       Broad axe         |       |       |    49 |    90 ||   139
       Kick              |       |       |       |    24 ||    24
Invok: Sacrifice Love    |     1 |       |       |       ||     1
       Sacrifice Arcana  |       |     1 |       |       ||     1
       Sacrifice Words   |       |       |     1 |       ||     1
       Apocalypse        |       |       |       |     4 ||     4
       Sacrifice Stealth |       |       |       |     1 ||     1
       Sacrifice Artific |       |       |       |     1 ||     1
  Use: Potion            |       |     2 |       |     6 ||     8
 Stab: Invisible         |       |       |       |     2 ||     2
       Paralysed         |       |       |       |     3 ||     3
Armor: Scale mail        |    10 |       |       |       ||    10
       Plate armour      |    15 |    32 |    79 |    35 ||   161
Dodge: Dodged            |    15 |    14 |    29 |    51 ||   109
Block: Kite shield       |    45 |    35 |    65 |    61 ||   206

Table legend: (Time is in decaauts)
 A = Elapsed time spent in this place.
 B = Non-inter-level travel time spent in this place.
 C = Inter-level travel time spent in this place.
 D = Time resting spent in this place.
 E = Time spent auto-exploring this place.
 F = Levels seen in this place.
 G = Mean time per level.
                   A        B        C        D        E       F      G
               +--------+--------+--------+--------+--------+-----+--------+
         Total |   3264 |   3090 |    174 |   2217 |      0 |   1 | 3264.0 |
       Dungeon |   3264 |   3090 |    174 |   2217 |      0 |   1 | 3264.0 |
               +--------+--------+--------+--------+--------+-----+--------+

Top non-repeatable levels by time:
       D: 3264 daAuts
